Map: Deathaura LE

Players

Zaechus - Winner!

  • Race: Protoss Protoss
  • League: Diamond
  • Spawn Location: 11:00

McSweetness

  • Race: Zerg Zerg
  • League: Diamond
  • Spawn Location: 5:00

VOD

Have the link to the VOD?

Description

Time

  • Played on: July 30, 2020, 12:54 p.m.
  • Length: 12:54
Show
View Real Time Build Order
Export as new Build Order

Zaechus Protoss - Winner!

Build Orders: 1 Gate Expand, Archon Immortal 

Get SALT Encoding   

  12  0:00  Probe  
  13  0:12  Probe  
  14  0:18  Pylon  
  14  0:24  Probe  
  15  0:36  Gateway  
  15  0:38  Probe (Chrono Boost)  
  16  0:44  Assimilator  
  16  0:48  Probe (Chrono Boost)  
  17  0:54  Probe  
  18  1:06  Probe  
  19  1:18  Probe  
  20  1:26  Nexus  
  20  1:36  Cybernetics Core  
  20  1:39  Probe  
  21  1:45  Assimilator  
  21  1:51  Probe  
  21  1:54  Pylon  
  22  2:02  Probe  
  23  2:10  Stalker (Chrono Boost)  
  23  2:11  Probe  
  23  2:14  Warp Gate  
  26  2:19  Probe  
  26  2:26  Twilight Council  
  27  2:31  Probe  
  27  2:37  Adept  
  30  2:38  Probe  
  31  2:44  Probe  
  31  2:50  Probe  
  33  2:56  Probe  
  34  2:59  Resonating Glaives (Chrono Boost)  
  34  3:02  Gateway  
  34  3:05  Gateway  
  34  3:06  Probe  
  34  3:12  Gateway  
  35  3:19  Adept  
  37  3:25  Pylon  
  37  3:26  Probe  
  37  3:27  Probe  
  39  3:39  Probe x2  
  41  3:51  Probe x2  
  43  4:03  Probe x2  
  43  4:04  Adept x2  
  49  4:13  Adept  
  51  4:19  Probe x2  
  51  4:22  Pylon  
  51  4:23  Nexus  
  53  4:26  Stargate  
  53  4:30  Stargate  
  53  4:31  Probe  
  53  4:33  Assimilator  
  53  4:35  Assimilator  
  54  4:40  Probe  
  54  4:43  Probe  
  56  4:53  Probe  
  51  5:17  Probe x2  
  51  5:20  Phoenix  
  51  5:21  Phoenix  
  53  5:24  Robotics Facility  
  53  5:25  Charge  
  53  5:26  Zealot  
  53  5:27  Zealot  
  53  5:28  Sentry  
  59  5:30  Probe (Chrono Boost)  
  59  5:32  Probe (Chrono Boost)  
  62  5:35  Probe (Chrono Boost)  
  62  5:38  Protoss Air Weapons Level 1 (Chrono Boost)  
  62  5:42  Probe (Chrono Boost)  
  64  5:43  Probe (Chrono Boost)  
  64  5:45  Phoenix  
  64  5:46  Probe (Chrono Boost)  
  64  5:48  Phoenix  
  64  5:49  Probe (Chrono Boost)  
  71  5:50  Probe (Chrono Boost)  
  71  5:53  Probe (Chrono Boost)  
  71  5:56  Probe x2  
  73  5:57  Pylon  
  73  5:59  Pylon  
  74  6:05  Stalker  
  74  6:09  Probe  
  77  6:12  Assimilator  
  77  6:14  Assimilator  
  77  6:15  Probe x2, Phoenix x2  
  83  6:21  Probe  
  84  6:27  Probe x2  
  84  6:32  Gateway  
  86  6:34  Immortal (Chrono Boost)  
  86  6:35  Gateway  
  86  6:36  Gateway  
  90  6:40  Phoenix  
  92  6:49  Probe  
  92  6:52  Pylon  
  93  6:55  Pylon  
  93  7:10  Phoenix, Probe x2, Immortal  
  93  7:13  Probe  
  102  7:16  Stalker x2  
  102  7:17  Stalker  
  102  7:22  Probe  
  109  7:36  Forge  
  109  7:37  Nexus  
  109  7:40  Templar Archives  
  109  7:41  Pylon  
  109  7:45  Pylon  
  109  7:54  Pylon  
  109  7:55  Pylon x2  
  109  7:59  Probe x3, Immortal  
  116  8:11  Probe x3  
  119  8:23  Probe x2  
  119  8:30  Phoenix  
  119  8:32  Zealot x6  
  133  8:35  Probe  
  133  8:36  Probe, Protoss Ground Weapons Level 1 (Chrono Boost)  
  133  8:38  Probe  
  136  8:43  Gateway  
  136  8:45  Gateway  
  136  8:48  Gateway  
  136  8:50  Psionic Storm  
  136  8:57  Fleet Beacon  
  136  8:58  Immortal  
  140  9:16  Pylon  
  140  9:18  High Templar, Stargate  
  140  9:19  High Templar x4  
  140  9:21  Zealot  
  140  9:22  Pylon  
  152  9:24  Assimilator  
  152  9:27  Stargate  
  152  9:28  Assimilator  
  152  9:32  Pylon, Stargate  
  152  9:35  Pylon  
  152  9:37  Immortal  
  156  9:39  Pylon  
  156  9:42  High Templar x2  
  156  9:43  Zealot  
  162  9:46  Archon  
  162  9:48  Archon  
  162  10:05  Zealot x4  
  162  10:06  Zealot x3  
  176  10:15  Protoss Air Weapons Level 2 (Chrono Boost)  
  176  10:16  Immortal  
  176  10:18  High Templar x2  
  184  10:28  Zealot x5  
  188  10:29  Zealot x2  
  196  10:41  Phoenix  
  198  11:08  Immortal  
  198  11:11  Zealot x6  
  186  11:12  Zealot x3  
  194  11:28  Probe x4  
  197  11:35  Zealot  
  199  11:40  Probe  
Show
View Real Time Build Order
Export as new Build Order

McSweetness Zerg 

Build Orders: Hatch First 

Get SALT Encoding   

  12  0:00  Drone  
  13  0:15  Overlord  
  13  0:16  Drone  
  14  0:34  Drone x2  
  16  0:38  Drone  
  17  0:53  Hatchery  
  17  0:55  Drone  
  17  0:59  Drone  
  18  1:10  Extractor  
  17  1:14  Spawning Pool  
  17  1:17  Drone  
  17  1:24  Drone  
  18  1:37  Drone  
  19  1:44  Overlord  
  19  2:02  Drone  
  19  2:05  Queen  
  19  2:06  Zergling x4  
  19  2:07  Queen  
  26  2:17  Drone x2  
  28  2:25  Drone  
  28  2:29  Drone  
  30  2:35  Hatchery  
  30  2:36  Overlord  
  29  2:40  Drone  
  30  2:52  Drone x2  
  32  3:01  Drone x2  
  34  3:08  Drone  
  34  3:12  Drone  
  36  3:13  Queen  
  36  3:15  Drone x3  
  43  3:21  Overlord  
  43  3:23  Drone  
  42  3:31  Overlord  
  42  3:34  Spore Crawler  
  42  3:35  Spore Crawler  
  42  3:40  Drone  
  42  3:41  Roach Warren  
  40  3:42  Drone  
  40  3:47  Drone  
  42  4:03  Queen  
  42  4:06  Drone x5  
  42  4:07  Zergling x6  
  52  4:14  Queen  
  52  4:16  Lair  
  54  4:23  Roach  
  54  4:24  Roach x3  
  62  4:38  Drone x4  
  63  4:40  Spore Crawler  
  63  4:42  Overlord x2  
  65  4:47  Overlord x3  
  64  4:57  Roach  
  64  4:58  Overlord  
  64  4:59  Overlord  
  66  5:10  Overlord  
  66  5:11  Roach  
  66  5:12  Roach, Drone x8  
  76  5:21  Drone x2  
  76  5:28  Extractor  
  76  5:30  Extractor  
  76  5:31  Extractor  
  76  5:32  Extractor  
  72  5:37  Drone x3  
  72  5:38  Hatchery  
  72  5:39  Drone x3  
  77  5:47  Drone  
  77  5:48  Drone  
  77  5:49  Drone  
  80  5:51  Overseer  
  80  5:54  Drone x3  
  83  6:12  Hatchery  
  83  6:13  Baneling Nest  
  83  6:17  Overlord  
  81  6:19  Extractor  
  81  6:20  Drone x3  
  81  6:24  Drone x7  
  81  6:25  Spire, Drone x5  
  94  6:36  Spore Crawler x2  
  94  6:37  Spore Crawler  
  94  6:39  Spore Crawler  
  90  6:42  Spore Crawler  
  90  6:43  Drone x3  
  90  6:44  Spore Crawler  
  90  6:45  Drone x2  
  93  7:01  Overlord  
  93  7:02  Overlord  
  93  7:12  Queen x2  
  93  7:13  Queen x2  
  93  7:14  Overlord x2  
  101  7:17  Spore Crawler  
  101  7:19  Drone  
  101  7:20  Drone x9, Spore Crawler  
  109  7:23  Extractor  
  109  7:26  Infestation Pit  
  107  7:38  Metabolic Boost  
  107  7:39  Overseer  
  107  7:40  Centrifical Hooks  
  107  7:46  Overlord  
  107  7:47  Overlord  
  107  7:48  Pneumatized Carapace, Drone x3  
  110  7:51  Extractor  
  109  8:03  Zerg Flyer Weapons Level 1  
  109  8:04  Corruptor x7  
  123  8:10  Overlord x2  
  123  8:28  Queen  
  125  8:38  Overlord, Hive  
  125  8:39  Zergling x10  
  125  8:40  Zergling x38  
  149  8:42  Overlord  
  149  9:12  Evolution Chamber  
  149  9:13  Evolution Chamber  
  147  9:24  Overlord  
  147  9:29  Overlord x2, Corruptor  
  147  9:30  Corruptor x7  
  163  9:39  Hatchery  
  162  9:50  Overlord  
  162  9:57  Adrenal Glands  
  162  10:00  Zerg Melee Weapons Level 1  
  162  10:02  Glial Reconstitution  
  162  10:08  Corruptor x9  
  162  10:10  Greater Spire  
  180  10:20  Roach  
  180  10:21  Roach x9  
  200  10:43  Baneling x14  
  200  10:44  Baneling x7  
  196  11:04  Overlord  
  196  11:06  Roach x5  
  177  11:15  Corruptor x6  
  161  11:25  Zergling x28  
  166  11:26  Zergling x2  
  156  11:38  Roach  
  156  11:39  Roach  
Tags
 
Add a new tag
Caveats
  • Supply blocks, unpowered buildings, or Contaminate may cause inaccurate times.
  • Supply counts are checked every 10 seconds.